 Dungeon Crawl Stone Soup version 0.01-2199-g510b736d67 (webtiles) character file.

Game seed: 8310557476921232109, levelgen mode: deterministic

46535 MisterOstroum the Martial Artist (level 14, -2/105 HPs) Silent Spectre Transmuter. Began on May 28, 2020. Was an Elder of Sif Muna. Slain by a ghost moth (9 damage) ... on level 6 of the Lair of Beasts on July 20, 2020. The game lasted 01:09:23 (14597 turns).

MisterOstroum the Martial Artist (SSTm)            Turns: 14597, Time: 01:09:23

Health: -2/105     AC:  8    Str:  6 (7)  XL:     14 ^: 36396
Magic:  0/26       EV: 23    Int: 21 (22) God:    Sif Muna [4* [119]]
Gold:   912        SH:  0    Dex: 23 (25) Spells: 9/25 levels left

rFire    x . .     Vision   .     - Unarmed
rCold    + + +     Gourm    .     - Unarmed
rNeg     + + +     Faith    .   (armour currently unavailable)
rPois    ∞         Spirit   .   (helmet currently unavailable)
rElec    .         Reflect  .   (cloak currently unavailable)
rCorr    .         Harm     .   (gloves currently unavailable)
MR       +....                  (boots currently unavailable)
Stlth    ++++......             (no amulet)
HPRegen  0.45/turn              l - ring of intelligence
MPRegen  0.36/turn              o - ring of dexterity

@: ice-form, silenced
A: large, silence aura, negative energy resistance 3, torment resistance,
unbreathing, petrification resistance, silent casting, insubstantial
a: End Transformation, Divine Energy, Channel Magic, Forget Spell, Renounce
Religion


You were on level 6 of the Lair of Beasts.
You worshipped Sif Muna.
Sif Muna was greatly pleased with you.
You were not hungry.
You were a creature of crystalline ice.
You visited 2 branches of the dungeon, and saw 11 of its levels.

You collected 912 gold pieces.

Inventory:

Weapons
 b - a +0 whip
 d - a +0 hunting sling
 h - a +0 hunting sling (melded) Shields
 g - a +0 targe
 p - a +0 heater shield
 A - a +2 buckler of protection (melded)
Armour
 i - a +0 troll leather (melded) {Purgy}
 j - a +0 pair of boots (melded)
 u - a +0 helmet (melded)
 C - a +0 cloak (melded)
Jewellery
 l - a ring of intelligence (left front paw)
 o - a ring of dexterity (right front paw)
Wands
 a - a wand of polymorph (15)
 m - a wand of enslavement (13)
 n - a wand of ensnaring (1)
 v - a wand of iceblast (11)
 w - a wand of flame (63)
 x - a wand of scattershot
 y - a wand of acid (7)
 D - a wand of hasting (7)
Potions
 c - 2 potions of haste {@q4 !q}
 e - 5 potions of curing {@q1 !q}
 f - 4 potions of cancellation
 k - 4 potions of lignification {@q6}
 q - 2 potions of ambrosia
 r - 2 potions of might {@q3 !q}
 s - 2 potions of heal wounds {@q2 !q}
 t - 2 potions of magic
 z - 2 potions of brilliance
 B - 2 potions of invisibility


   Skills:
 + Level 10.4 Fighting
 - Level 4.0 Slings
 + Level 10.8 Dodging
 - Level 6.0 Stealth
 - Level 4.0 Shields
 * Level 11.8 Unarmed Combat
 - Level 6.3 Spellcasting
 + Level 11.4 Transmutations
 - Level 5.1 Ice Magic
 - Level 3.2 Poison Magic
 + Level 3.4 Invocations
 - Level 5.0 Evocations


You had 9 spell levels left.
You knew the following spells:

 Your Spells              Type           Power        Failure   Level  Hunger
a - Beastly Appendage     Tmut           50 (50)      1%          1    N/A
b - Sticks to Snakes      Tmut           53 (100)     1%          2    N/A
c - Spider Form           Tmut/Pois      37 (200)     2%          3    N/A
d - Ice Form              Ice/Tmut       41 (100)     4%          4    N/A
e - Blade Hands           Tmut           53 (200)     3%          5    N/A
f - Snakes to Sticks      Hex/Tmut       30 (100)     4%          3    N/A

Your spell library contained the following spells:

 Spells                   Type           Power        Failure   Level  Hunger
 Ensorcelled Hibernation  Hex/Ice        17 (50)      7%          2    N/A
 Shock                    Air            6 (25)       13%         1    N/A
 Swiftness                Chrm/Air       6 (100)      19%         2    N/A
 Static Discharge         Air            6 (100)      34%         3    N/A
 Infestation              Tmut/Pois      37 (200)     63%         6    N/A
 Airstrike                Air            6 (200)      73%         4    N/A
 Lightning Bolt           Air            6 (200)      96%         5    N/A
 Borgnjor's Vile Clutch   Necr/Erth      6 (200)      100%        6    N/A
 Darkness                 Hex            6 (200)      100%        6    N/A
 Shadow Creatures         Summ           N/A          100%        6    N/A
 Silence                  Hex/Air        Unusable     N/A         5    N/A

Dungeon Overview and Level Annotations

Branches:
Dungeon (5/8)              Temple (0/1) D:4            Lair (6/6) D:5
  Swamp (0/4) Lair:3       Spider (0/4) Lair:2
  Slime: Lair:5-6

Altars:
Ashenzari
Cheibriados
Dithmenos
Hepliaklqana
Nemelex Xobeh
Okawaru
Sif Muna
Wu Jian
Xom

Annotations:
D:2 exclusion: door
Lair:5 exclusion: oklob plant


Innate Abilities, Weirdness & Mutations

You are surrounded by an aura of unnatural quiet.
You are immune to poison.
You are immune to negative energy. (rN+++)
You are immune to unholy pain and torment.
You can survive without breathing.
You are immune to petrification.
You can communicate with gods and cast spells while silenced.
Your insubstantial form boosts your evasion and grants immunity to sticky flames, nets and constriction.


Message History

The queen ant is almost dead. (4/69) HP You punch the queen ant (12)!
You freeze the queen ant (1).
You kill the queen ant!
Sif Muna accepts your kill.
You hit the worker ant (4). You freeze the worker ant (2).
You kill the worker ant!
Sif Muna accepts your kill.
You hit the worker ant (5).
The worker ant seems to slow down.
You freeze the worker ant (1).
The worker ant is moderately wounded. (10/16) HP You hit the worker ant (1).
The worker ant seems to slow down.
The worker ant is heavily wounded. (9/16) HP You hit the worker ant (6).
You freeze the worker ant (1).
The worker ant is almost dead. (2/16) HP You hit the worker ant (6).
You kill the worker ant!
Sif Muna accepts your kill.
You punch the worker ant (10)!
The worker ant seems to slow down.
You freeze the worker ant (5).
The worker ant is almost dead. (2/17) HP You hit the worker ant but do no damage.
The worker ant is almost dead. (2/17) HP The worker ant completely misses you (0).
You punch the worker ant (8)! You freeze the worker ant (1).
You kill the worker ant!
Sif Muna accepts your kill.
You start resting.
The entropy weaver hits you (13)!
The entropy weaver hits you but does no damage.
The entropy weaver hits you (2).
The entropy weaver hits you but does no damage.
Evoke which item? (* to show all) (? for menu, Esc to quit)
Aiming: Acid Wand
Press: ? - help, Shift-Dir - straight line, f - entropy weaver
Aim: an entropy weaver (silenced, healthy (68/68))
Okay, then.
Evoke which item? (* to show all) (? for menu, Esc to quit)
Aiming: Polymorph Wand
Press: ? - help, Shift-Dir - straight line, f - entropy weaver
Aim: an entropy weaver (silenced, healthy (68/68), chance to defeat MR: 37%)
The entropy weaver evaporates and reforms as something you cannot see!
Something hits you (1).
You feel weakened.
Deactivating autopickup; reactivate with Ctrl-A.
Something hits you (13)! Something stings you (4).
You punch something (11)! You freeze something (2). You hit something (3).
You feel your power leaking away. Something hits you (5).
Something hits you (9)! Something stings you (1).
You aren't carrying any scrolls.
Unknown command.
Unknown command.
Evoke which item? (* to show all) (? for menu, Esc to quit)
Okay, then.
Unknown command.
Unknown command.
You feel your power leaking away.
Evoke which item? (* to show all) (? for menu, Esc to quit)
Aiming: Acid Wand
Press: ? - help, Shift-Dir - straight line You feel your power leaking away.
Something closely misses you (0). Something hits you but does no damage.
Something stings you but does no damage.
Something closely misses you (0). Something hits you (5).
* * * LOW HITPOINT WARNING * * *
Something stings you but does no damage.
Evoke which item? (* to show all) (? for menu, Esc to quit)
Aiming: Scattershot Wand
Press: ? - help, Shift-Dir - straight line The burst of metal fragments hits something but does no damage (0). x4
You feel your power leaking away. Something barely misses you (0).
Something hits you (1).
* * * LOW HITPOINT WARNING * * *
Something stings you (4).
* * * LOW HITPOINT WARNING * * *
Evoke which item? (* to show all) (? for menu, Esc to quit)
Aiming: Scattershot Wand
Press: ? - help, Shift-Dir - straight line The burst of metal fragments hits something but does no damage (0). x3
Something hits you (3).
* * * LOW HITPOINT WARNING * * *
You feel clumsy. Something hits you but does no damage.
Something stings you (3).
* * * LOW HITPOINT WARNING * * *
Really quaff
s - 3 potions of heal wounds {@q2 !q}?
You feel much better. Something hits you (9)! Something hits you (10)!
* * * LOW HITPOINT WARNING * * *
You feel dopey. Something stings you (4).
* * * LOW HITPOINT WARNING * * *
Evoke which item? (* to show all) (? for menu, Esc to quit)
Aiming: Scattershot Wand
Press: ? - help, Shift-Dir - straight line The burst of metal fragments hits something but does no damage (0). x2
Wand is now empty.
A soldier ant comes into view.
You feel your power leaking away. Something hits you (17)!
* * * LOW HITPOINT WARNING * * *
You feel clumsy. Something hits you (9)!
You die...

#...#a###... . ##
##aa#..#.## .P#.#
##.##.#.##..#
.P.#a##.####†##...#
..P..............##
.....#......†..P..#
#..P.[#..###..P..## .
#..{###P......#
#...Y###..#...# #. P
#....##PP†.#......##.
##.P#PP...P.P.###P.......
#......†......# ####....
#.#.###.##..P.# ... ##
#.†####### .. ##P..####
.. ##P....#.# #.
#P......######


You could see a soldier ant (wandering).

Vanquished Creatures
  Circe (Lair:5)
  7 hydras
  Pikel (D:2)
  A queen ant (Lair:6)
  A torpor snail (Lair:5)
  14 giraffes
  A manticore (D:5)
  A rock worm (D:5)
  16 spiny frogs
  3 rime drakes
  Maggie (Lair:1)
  3 elephants (Lair:5)
  2 trolls (D:5)
  3 komodo dragons
  A polar bear (Lair:3)
  20 blink frogs
  4 wraiths (Lair:5)
  8 dream sheep
  8 hippogriffs
  Grinder (D:3)
  3 wyverns
  25 yaks
  5 basilisks
  3 guardian mummies (Lair:1)
  2 humans (Lair:5)
  2 soldier ants
  Edmund (D:2)
  5 insubstantial wisps (Lair:3)
  A phantom (D:5)
  11 water moccasins
  Purgy (D:2)
  13 porcupines
  4 ice beasts
  3 sky beasts
  4 slaves (D:2)
  3 orc warriors
  Ijyb (D:3)
  2 black bears
  9 wolves
  9 ogres
  9 crocodiles
  A big kobold (D:5)
  15 bullfrogs
  A gnoll sergeant (D:4)
  6 centaurs
  A harpy skeleton (D:4)
  5 scorpions
  A howler monkey (D:3)
  2 electric eels (Lair:3)
  2 jellies
  7 orc priests
  3 hounds
  8 orc wizards
  5 iguanas
  11 worker ants
  A crocodile skeleton (Lair:1)
  A wyvern skeleton (D:4)
  A water moccasin skeleton (Lair:1)
  2 bullfrog zombies
  4 gnolls (D:4)
  12 adders
  4 bullfrog skeletons (D:5)
  4 worms
  A hound skeleton (D:3)
  2 dart slugs
  5 leopard geckos
  26 orcs
  9 bats
  3 giant cockroaches
  13 hobgoblins
  9 jackals
  5 quokkas
  2 ball pythons
  3 cinder newts (D:2)
  7 goblins
  A jackal skeleton (D:3)
  12 kobolds
  A leopard gecko skeleton (D:3)
  A quokka zombie (D:5)
  10 rats
420 creatures vanquished.

Vanquished Creatures (collateral kills)
  Josephine (Lair:5)
  A boulder beetle (Lair:4)
  The ghost of Nebesus the Warrior, a novice DrDg (Lair:2)
  A hydra (Lair:5)
  2 giraffes
  6 elephants (Lair:5)
  A komodo dragon (Lair:3)
  A wraith (Lair:5)
  2 blink frogs
  2 dream sheep
  A hippogriff (Lair:4)
  2 yaks
  A hog (Lair:4)
  A water moccasin (Lair:5)
  A jelly (D:5)
  3 fungi
27 creatures vanquished.

Vanquished Creatures (others)
  4 fungi
  5 plants
9 creatures vanquished.

Grand Total: 456 creatures vanquished

Notes
Turn   | Place    | Note
-------+----------+-------------------------------------------
     0 | D:1      | MisterOstroum the Silent Spectre Transmuter began the quest
                  | for the Orb.
     0 | D:1      | Reached XP level 1. HP: 11/11 MP: 6/6
   101 | D:1      | Reached skill level 1 in Fighting
   139 | D:1      | Reached XP level 2. HP: 3/16 MP: 6/8
   582 | D:2      | Upgraded the game from 0.01-2087-gb5e28fc70b to
                  | 0.01-2113-gba4e2f8f9f
   595 | D:1      | Reached XP level 3. HP: 17/21 MP: 9/9
   674 | D:1      | Learned a level 3 spell: Spider Form
   789 | D:2      | Reached XP level 4. HP: 27/27 MP: 6/10
   792 | D:2      | Noticed Edmund
   796 | D:2      | Found a shimmering altar of Xom.
   809 | D:2      | Killed Edmund
   809 | D:2      | Reached XP level 5. HP: 23/31 MP: 9/11
   884 | D:2      | Noticed Purgy
   899 | D:2      | Killed Purgy
   899 | D:2      | Reached skill level 5 in Unarmed Combat
   899 | D:2      | Reached XP level 6. HP: 21/37 MP: 10/12
   992 | D:2      | Noticed Pikel
  1023 | D:2      | Killed Pikel
  1023 | D:2      | Reached skill level 5 in Dodging
  1023 | D:2      | Reached XP level 7. HP: 37/44 MP: 13/13
  1247 | D:2      | Reached skill level 5 in Fighting
  1372 | D:2      | Learned a level 4 spell: Ice Form
  1375 | D:2      | Learned a level 2 spell: Sticks to Snakes
  1793 | D:3      | Reached XP level 8. HP: 41/49 MP: 11/14
  1915 | D:3      | Noticed Ijyb
  1925 | D:3      | Killed Ijyb
  2398 | D:3      | Reached skill level 5 in Transmutations
  2507 | D:3      | Noticed Grinder
  2522 | D:3      | Killed Grinder
  2522 | D:3      | Reached skill level 1 in Ice Magic
  3014 | D:4      | Reached skill level 5 in Stealth
  3075 | D:4      | Found a shattered altar of Ashenzari.
  3076 | D:4      | Upgraded the game from 0.01-2113-gba4e2f8f9f to
                  | 0.01-2177-gccf4c23808
  3076 | D:4      | Upgraded the game from 0.01-2177-gccf4c23808 to
                  | 0.01-2199-g510b736d67
  3079 | D:4      | Found a shadowy altar of Dithmenos.
  3104 | D:4      | Reached XP level 9. HP: 54/54 MP: 12/17
  3176 | D:4      | Found a staircase to the Ecumenical Temple.
  3527 | D:4      | Found a hazy altar of Hepliaklqana.
  3527 | D:4      | Found an iron altar of Okawaru.
  3527 | D:4      | Found an ornate altar of the Wu Jian Council.
  3527 | D:4      | Found a snail-covered altar of Cheibriados.
  3536 | D:4      | Found a shimmering blue altar of Sif Muna.
  3536 | D:4      | Found a sparkling altar of Nemelex Xobeh.
  3550 | D:4      | Became a worshipper of Sif Muna the Loreminder
  4263 | D:5      | Entered Level 5 of the Dungeon
  4277 | D:5      | Noticed a troll
  4282 | D:5      | Reached skill level 1 in Poison Magic
  4289 | D:5      | Killed a troll
  4314 | D:5      | Reached * piety under Sif Muna
  4570 | D:5      | Reached XP level 10. HP: 60/60 MP: 13/19
  4572 | D:5      | Noticed a rock worm
  4595 | D:5      | Killed a rock worm
  4847 | D:5      | Found a staircase to the Lair.
  4926 | D:5      | Reached ** piety under Sif Muna
  4926 | D:5      | Reached skill level 5 in Ice Magic
  5240 | D:5      | Reached XP level 11. HP: 61/67 MP: 20/20
  6106 | Lair:1   | Entered Level 1 of the Lair of Beasts
  6182 | Lair:1   | Noticed Maggie
  6614 | Lair:1   | Reached skill level 5 in Spellcasting
  6858 | Lair:1   | Killed Maggie
  6858 | Lair:1   | Reached skill level 10 in Unarmed Combat
  7709 | Lair:2   | Reached *** piety under Sif Muna
  7709 | Lair:2   | Reached skill level 10 in Transmutations
  7709 | Lair:2   | Reached XP level 12. HP: 58/75 MP: 23/23
  8233 | Lair:2   | Found a hole to the Spider Nest.
  8351 | Lair:2   | Reached skill level 1 in Evocations
  8458 | Lair:2   | Reached skill level 1 in Slings
  8567 | Lair:2   | Noticed Nebesus's ghost (novice DrDg)
  8569 | Lair:2   | Found a runed translucent gate.
  8569 | Lair:2   | Found a runed translucent gate.
  8569 | Lair:2   | Found a runed translucent gate.
  9280 | Lair:2   | Killed Nebesus's ghost
  9280 | Lair:2   | Reached skill level 1 in Shields
  9611 | Lair:3   | Learned a level 5 spell: Blade Hands
  9615 | Lair:3   | Learned a level 3 spell: Snakes to Sticks
  9651 | Lair:3   | Reached skill level 5 in Evocations
  9819 | Lair:3   | Identified the +0 ring mail of Dogma {rPois Regen+}
 10099 | Lair:3   | Reached XP level 13. HP: 82/82 MP: 17/25
 10133 | Lair:3   | Found a staircase to the Swamp.
 10461 | Lair:4   | Reached **** piety under Sif Muna
 10481 | Lair:4   | Reached skill level 10 in Fighting
 10843 | Lair:4   | Found a shimmering blue altar of Sif Muna.
 10901 | Lair:4   | Reached skill level 1 in Invocations
 11549 | Lair:4   | Reached skill level 10 in Dodging
 13021 | Lair:5   | Noticed Circe
 13272 | Lair:5   | Killed Circe
 13713 | Lair:5   | Noticed Josephine
 13943 | Lair:5   | Killed Josephine
 14230 | Lair:6   | Entered Level 6 of the Lair of Beasts
 14323 | Lair:6   | Identified a scroll of acquirement
 14329 | Lair:6   | Reached XP level 14. HP: 30/88 MP: 26/26
 14597 | Lair:6   | Slain by a ghost moth

Levels and vault maps discovered:
D:1:      elethiomel_arrival_infinity_welcomes_careful_drivers, layout_rooms,
          first_ration
D:2:      layout_basic, xom_teletrap_fun, uniq_purgy, uniq_edmund, uniq_pikel
D:3:      layout_gridville, uniq_ijyb, uniq_grinder
D:4:      layout_irregular_city, minitemple, minmay_overflow_temple_hex,
          minmay_temple_entry_from_below_a
D:5:      layout_loops_cross, lair_entry_dummy
Lair:1:   layout_roguey, lightli_ossuary_entry_decrepit_ruins,
          lemuel_fruit_fields, uniq_maggie
Lair:2:   layout_gridlike, spider_nest_entry_web_field, gauntlet_entry_generic,
          ebering_ghost_rock_garden, grunt_megastairs_5,
          infiniplex_staircase_pool_2
Lair:3:   layout_layer_cave, minmay_swamp_entry_wisps, serial_bayou_shore_a
Lair:4:   layout_concentric_octagons, lemuel_centaur_altar
Lair:5:   layout_cave_pods, uniq_circe, uniq_josephine
Lair:6:   due_jungle_book, layout_loops_ring, dpeg_slime_entry_corner,
          minmay_another_anthill

Skill      XL: |  1  2  3  4  5  6  7  8  9 10 11 12 13 |
---------------+----------------------------------------+-----
Fighting       | 1 2 3 4 5 6 7 8 9 10 | 10.4
Transmutations | 3 4 6 7 8 10 11 | 11.4
Unarmed Combat | 4 5 6 7 8 10 11 | 11.8
Dodging        | 3 5 7 8 9 10 | 10.8
Stealth        | 5 6 |  6.0
Ice Magic      | 2 3 5 |  5.1
Spellcasting   | 3 4 5 6 |  6.3
Poison Magic   | 3 |  3.2
Evocations     | 5 |  5.0
Slings         | 4 |  4.0
Shields        | 2 4 |  4.0
Invocations    | 3 |  3.4

Action                   |  1- 3 |  4- 6 |  7- 9 | 10-12 | 13-15 || total
-------------------------+-------+-------+-------+-------+-------++-------
Melee: Unarmed           |   218 |    90 |   629 |  1239 |   522 ||  2698
       Headbutt          |     5 |       |       |       |       ||     5
       Whip              |     2 |       |       |       |       ||     2
       Kick              |     3 |       |       |       |       ||     3
 Fire: Hunting sling     |       |       |       |    61 |   173 ||   234
 Cast: Beastly Appendage |     8 |     1 |       |       |       ||     9
       Spider Form       |     3 |     5 |    36 |    23 |     6 ||    73
       Ice Form          |       |       |     6 |    37 |    32 ||    75
       Sticks to Snakes  |       |       |     3 |    51 |   113 ||   167
       Snakes to Sticks  |       |       |       |       |     4 ||     4
       Blade Hands       |       |       |       |       |     2 ||     2
 Abil: End Transformatio |       |       |     2 |     5 |     3 ||    10
Evoke: Wand              |       |       |       |     3 |     8 ||    11
  Use: Potion            |       |       |       |       |     1 ||     1
 Stab: Sleeping          |     3 |       |     8 |    10 |     2 ||    23
       Distracted        |       |       |     3 |     7 |     8 ||    18
       Held in net/web   |       |       |       |     1 |       ||     1
Armor: Robe              |     8 |       |     2 |       |       ||    10
       Skin              |     1 |     2 |     6 |    63 |    49 ||   121
       Troll leather     |       |       |       |     3 |    14 ||    17
Dodge: Dodged            |    73 |    35 |   209 |   339 |   212 ||   868
Block: Buckler           |       |       |       |     5 |    28 ||    33
